 Dungeon Crawl Stone Soup version 0.24.1-14-gf8d2b509d9 (webtiles) character file.

Game seed: 10301807691358095848, levelgen mode: deterministic

3134 Curus the Basher (level 9, 0/70 HPs)
             Began as a Hill Orc Abyssal Knight on May 25, 2020.
             Was an Elder of Lugonu.
             Slain by a killer bee (3 damage)
             ... on level 8 of the Dungeon.
             The game lasted 00:37:03 (7610 turns).

Curus the Basher (Hill Orc Abyssal Knight)          Turns: 7610, Time: 00:37:05

Health: 0/70       AC: 15    Str: 18    XL:     9   Next: 92%
Magic:  16/16      EV:  4    Int: 12    God:    Lugonu [****..]
Gold:   476        SH:  3    Dex: 13    Spells: 8/8 levels left

rFire    . . .     SeeInvis +   p - +0 flail (crush)
rCold    . . .     Gourm    .   k - +0 buckler
rNeg     . . .     Faith    .   v - +0 plate armour
rPois    .         Spirit   .   w - +0 helmet
rElec    .         Reflect  .   q - +2 cloak
rCorr    .         Harm     .   (no gloves)
MR       +....     Clarity  +   (no boots)
Stlth    ..........             (no amulet)
HPRegen  0.21/turn              l - +3 ring of strength
MPRegen  0.15/turn              (no ring)

@: lethally poisoned (0 -> -15)
A: see invisible, clarity, magic resistance 1
a: Depart the Abyss, Bend Space, Banish, Corrupt, Renounce Religion


You were on level 8 of the Dungeon.
You worshipped Lugonu.
Lugonu was greatly pleased with you.
You were not hungry.

You visited 1 branch of the dungeon, and saw 8 of its levels.
You visited the Abyss 1 time.

You collected 476 gold pieces.

Inventory:

Hand Weapons
 a - a +1 hand axe
 j - a +0 dire flail
 p - a +0 flail of crushing (weapon)
Armour
 b - a +0 leather armour
 d - a +1 ring mail
 e - a +1 cloak
 g - a +1 chain mail
 k - a +0 buckler (worn)
 q - a +2 cloak (worn)
 v - a +0 plate armour (worn)
 w - a +0 helmet (worn)
Jewellery
 c - an uncursed amulet of inaccuracy
 l - a +3 ring of strength (left hand)
 u - an uncursed ring of fire
Wands
 y - a wand of paralysis (11)
Scrolls
 f - 5 scrolls of identify
 h - 4 scrolls of remove curse
 i - 3 scrolls of fear
 o - a scroll of magic mapping
 r - a scroll of blinking
 t - a scroll of amnesia
Potions
 n - a potion of curing
 s - 2 potions of flight
 x - a potion of brilliance
 z - a potion of invisibility
Comestibles
 m - 9 rations
 A - a chunk of flesh


   Skills:
 - Level 3.6 Fighting
 - Level 7.9(11.1) Axes
 * Level 10.5(11.2) Maces & Flails
 - Level 2.1 Armour
 - Level 0.7 Dodging
 - Level 10.0 Invocations


You had 8 spell levels left.
You didn't know any spells.
Your spell library contained the following spells:

 Spells                   Type           Power        Failure   Level  Hunger
 Magic Dart               Conj           #...         100%        1    ##.....
 Blink                    Tloc           N/A          100%        2    ###....
 Call Imp                 Summ           #.......     100%        2    ###....
 Slow                     Hex            #.......     100%        2    ###....
 Conjure Flame            Conj/Fire      #.......     100%        3    ####...
 Mephitic Cloud           Conj/Pois/Air  #.......     100%        3    ####...
 Bolt of Magma            Conj/Fire/Erth #.........   100%        5    ######.
 Iskenderun's Battlesphe  Conj/Chrm      #.......     100%        5    ######.
 Venom Bolt               Conj/Pois      #.........   100%        5    ######.
 Iron Shot                Conj/Erth      #.........   100%        6    #######
 Orb of Destruction       Conj           #.........   100%        7    #######
 Spellforged Servitor     Conj/Summ      #.........   100%        7    #######


Dungeon Overview and Level Annotations

Branches:
Dungeon (8/15)             Temple (0/1) D:4
   Lair: D:8-11

Altars:
Dithmenos
Fedhas
Kikubaaqudgha
Makhleb
Nemelex Xobeh
Okawaru
Qazlal
Ru
Sif Muna
Wu Jian
Yredelemnul
The Shining One


Innate Abilities, Weirdness & Mutations

You have supernaturally acute eyesight. (SInv)
You possess an exceptional clarity of mind.
You are resistant to hostile enchantments. (MR+)


Message History

The killer bee stings you but does no damage.
You block the killer bee's attack.
You miss the killer bee.
The killer bee is heavily wounded.
You feel sick. You block the killer bee's attack. The killer bee stings you.
* * * LOW HITPOINT WARNING * * *
You are lethally poisoned!
The killer bee poisons you!
Your plate armour prevents you from hitting the killer bee.
The killer bee is heavily wounded.
* * * LOW HITPOINT WARNING * * *
You feel sick. The killer bee stings you.
* * * LOW HITPOINT WARNING * * *
You hit the killer bee but do no damage.
The killer bee is heavily wounded.
* * * LOW HITPOINT WARNING * * *
You feel sick. The killer bee stings you.
* * * LOW HITPOINT WARNING * * *
The killer bee stings you.
You die...

#.#.####.......##
#.#............##
#.######.......##
#(..# #.......##
###.# #.......## #.#
########## #.# #
######.# ####
#yy@...# #...
#y###..#### #.##
#.###.....# #.#.
.y..#.###.#######.#.
##.#.#.#
#........... #.....#
############
...(...### ..####.
#y


You could see 3 killer bees.

Vanquished Creatures
  A hippogriff (D:7)
  Eustachio (D:4)
  Edmund (D:5)
  A black bear (D:6)
  A sky beast (D:7)
  A phantom (D:4)
  4 centaurs
  3 ogres (D:7)
  A crocodile (D:7)
  A bullfrog (D:6)
  2 killer bees (D:8)
  3 howler monkeys (D:8)
  5 crimson imps
  4 hounds
  A bullfrog zombie (D:5)
  6 orc priests
  An orc wizard (D:5)
  2 bullfrog skeletons
  Natasha (twice) (D:2)
  2 centaur skeletons
  2 iguanas
  6 worker ants
  Robin (D:4)
  3 gnolls (D:7)
  A howler monkey skeleton (D:5)
  10 adders
  A shadow imp (D:7)
  2 oozes
  3 worms (D:2)
  2 dart slugs (D:1)
  6 leopard geckos
  8 orcs
  2 ball pythons
  10 giant cockroaches
  14 hobgoblins
  17 jackals
  2 quokkas
  7 bats
  6 frilled lizards
  16 goblins
  6 kobolds
  A leopard gecko skeleton (D:4)
  A quokka zombie (D:6)
  A rat (D:1)
171 creatures vanquished.

Vanquished Creatures (others)
  A gargoyle (D:8)
  A sky beast (D:5)
  An ice beast (D:5)
3 creatures vanquished.

Grand Total: 174 creatures vanquished

Notes
Turn   | Place    | Note
-------+----------+-------------------------------------------
     0 | Abyss:1  | Curus the Hill Orc Abyssal Knight began the quest for the
                  | Orb.
     0 | Abyss:1  | Reached XP level 1. HP: 19/19 MP: 2/2
    81 | Abyss:1  | Noticed a hellion
    81 | D:1      | Escaped the Abyss
   209 | D:1      | Reached * piety under Lugonu
   209 | D:1      | Reached XP level 2. HP: 26/26 MP: 4/4
   470 | D:1      | Reached XP level 3. HP: 31/31 MP: 5/5
   804 | D:2      | Reached XP level 4. HP: 33/39 MP: 7/7
   937 | D:2      | Found a burning altar of Makhleb.
  1023 | D:2      | Reached ** piety under Lugonu
  1039 | D:2      | Noticed Natasha
  1045 | D:2      | Killed Natasha
  1045 | D:2      | Reached skill level 5 in Axes
  1045 | D:2      | Reached XP level 5. HP: 29/45 MP: 8/8
  1124 | D:2      | Reached skill level 5 in Invocations
  1365 | D:2      | Noticed Natasha
  1386 | D:2      | Killed Natasha
  1995 | D:3      | Found a shadowy altar of Dithmenos.
  2157 | D:3      | Reached XP level 6. HP: 46/51 MP: 10/10
  2361 | D:4      | Noticed Robin
  2381 | D:4      | Reached *** piety under Lugonu
  2438 | D:4      | Killed Robin
  2503 | D:4      | Noticed a phantom
  2737 | D:4      | Found a staircase to the Ecumenical Temple.
  2773 | D:4      | Noticed Eustachio
  2796 | D:3      | Found a sparkling altar of Nemelex Xobeh.
  2992 | D:5      | Entered Level 5 of the Dungeon
  3029 | D:5      | Noticed an ice beast
  3054 | D:5      | Banished an ice beast
  3054 | D:5      | Reached XP level 7. HP: 4/57 MP: 12/12
  3413 | D:5      | Noticed Edmund
  3443 | D:5      | Killed Edmund
  3485 | D:5      | Reached skill level 1 in Maces & Flails
  3535 | D:5      | Found an ornate altar of the Wu Jian Council.
  3545 | D:5      | Found a sacrificial altar of Ru.
  3557 | D:5      | Found an iron altar of Okawaru.
  3565 | D:5      | Found a stormy altar of Qazlal.
  3596 | D:5      | Reached XP level 8. HP: 21/64 MP: 14/14
  3598 | D:5      | HP: 4/96 [orc priest/divine providence (13)]
  3603 | D:5      | HP: 2/64 [orc priest/+0 hand axe (1)]
  3919 | D:5      | Found a shimmering blue altar of Sif Muna.
  4563 | D:4      | Found an ancient bone altar of Kikubaaqudgha.
  4588 | D:4      | Killed Eustachio
  4588 | D:4      | Reached skill level 5 in Maces & Flails
  4960 | D:4      | Gained mutation: You have supernaturally acute eyesight.
                  | (SInv) [potion of mutation]
  4960 | D:4      | Gained mutation: You are resistant to hostile enchantments.
                  | (MR+) [potion of mutation]
  4960 | D:4      | Gained mutation: You possess an exceptional clarity of
                  | mind. [potion of mutation]
  5106 | D:6      | You fall into a shaft and drop 1 floor!
  5217 | D:7      | Noticed a hippogriff
  5228 | D:7      | Killed a hippogriff
  5228 | D:7      | Reached skill level 10 in Invocations
  5475 | D:7      | Reached XP level 9. HP: 70/70 MP: 16/16
  5484 | D:7      | Found a glowing golden altar of the Shining One.
  5486 | D:7      | Noticed an angel
  5621 | D:6      | Found an iron altar of Okawaru.
  5770 | D:6      | Reached **** piety under Lugonu
  6930 | D:7      | Found a blossoming altar of Fedhas.
  7117 | D:7      | Found a basalt altar of Yredelemnul.
  7308 | D:8      | Noticed a gargoyle
  7319 | D:8      | Banished a gargoyle
  7319 | D:8      | Reached skill level 10 in Maces & Flails
  7610 | D:8      | HP: 3/70 [killer bee (6)]
  7610 | D:8      | Slain by a killer bee

Levels and vault maps discovered:
D:1:      sevenhm_arrival_forest_fort_small_6, layout_loops_ring
D:2:      layout_loops_ring, old_standard_altar, serial_glass, glass_columns_b,
          glass_columns_c, guppyfry_early_orc_mine, uniq_natasha
D:3:      layout_basic, nicolae_overflow_hidden_temple,
          nicolae_dithmenos_shadow_blocks
D:4:      layout_rooms, kiku_gazebo_garden_becter, minmay_temple_entry_glass,
          uniq_eustachio, uniq_robin
D:5:      layout_basic, tgw_sif, grunt_temple_overflow_cloverleaf, first_ration,
          uniq_edmund
D:6:      layout_cave_pools, okawaru_metal_pillars_3
D:7:      layout_basic, grunt_temple_overflow_holy_war, grunt_ogre_cave,
          fedhas_altar_4
D:8:      layout_loops_cross, lemuel_crystal_altar, minmay_misc_feat_x,
          nrook_uturn, uniq_joseph, uniq_prince_ribbit1

Skill      XL: |  1  2  3  4  5  6  7  8  9 |
---------------+----------------------------+-----
Axes           | 3 4 5 7 |  7.9
Invocations    | 3 4 5 7 8 10 | 10.0
Maces & Flails | 2 6 10 | 10.5
Fighting       | |  3.6
Armour         | |  2.1
Dodging        | |  0.7

Action                   |  1- 3 |  4- 6 |  7- 9 || total
-------------------------+-------+-------+-------++-------
Melee: Hand axe          |   118 |   340 |    37 ||   495
       Flail             |       |       |   359 ||   359
Invok: Depart the Abyss  |     1 |       |       ||     1
       Banish            |       |       |     4 ||     4
  Use: Scroll            |     3 |     4 |     3 ||    10
       Potion            |     2 |     6 |     7 ||    15
  Eat: Chunk             |       |     3 |     7 ||    10
       Ration            |       |     1 |     3 ||     4
Armor: Ring mail         |    51 |     4 |       ||    55
       Chain mail        |       |   167 |   202 ||   369
       Skin              |       |    23 |       ||    23
       Plate armour      |       |       |    50 ||    50
Dodge: Dodged            |    69 |    82 |   128 ||   279
Block: Buckler           |       |    32 |    54 ||    86
